 Dungeon Crawl Stone Soup version 0.30-a0-1164-ge08a67761e (webtiles) character file.

Game seed: 17128068741077843126

42 jasper the Digger (level 3, -1/24 HPs)
             Began as a Demonspawn Earth Elementalist on Apr 29, 2023.
             Slain by a gnoll
             ... wielding a +0 flail
              (9 damage)
             ... on level 2 of the Dungeon.
             The game lasted 00:02:04 (1250 turns).

jasper the Digger (Demonspawn Earth Elementalist)   Turns: 1250, Time: 00:02:05

Health: -1/24      AC:  2    Str:  8    XL:     3   Next: 35%
Magic:  4/7        EV: 12    Int: 18    God:
Gold:   46         SH:  0    Dex: 13    Spells: 1/7 levels left

rFire   . . .        d - +0 hand axe
rCold   . . .        (no shield)
rNeg    . . .        a - +0 robe
rPois   .            (no helmet)
rElec   .            (no cloak)
rCorr   .            (no gloves)
SInv    .            (no boots)
Will    .....        (no amulet)
Stlth   ++           (no ring)
HPRegen 0.24/turn    (no ring)
MPRegen 0.10/turn

%: no passive effects
@: no status effects
A: hooves 1, ignite blood 1
a: no special abilities


You were on level 2 of the Dungeon.
You visited 1 branch of the dungeon, and saw 2 of its levels.

You collected 46 gold pieces.

Inventory:

Hand Weapons
 d - a +0 hand axe (weapon)
Missiles
 e - 6 poisoned darts
 h - 2 atropa-tipped darts
Armour
 a - a +0 robe (worn)
Scrolls
 c - 2 scrolls of identify
 f - 2 scrolls of vulnerability
Potions
 b - a potion of magic
 g - a potion of heal wounds {unknown}


   Skills:
 - Level 1.7 Dodging
 - Level 1.7 Stealth
 + Level 2.8 Spellcasting
 + Level 0.4 Conjurations
 - Level 0.8 Transmutations
 + Level 3.4 Earth Magic


You had one spell level left.
You knew the following spells:

 Your Spells              Type           Power      Damage    Failure   Level
a - Sandblast             Erth           28%        2d8       4%          1
b - Passwall              Tmut/Erth      8%         N/A       11%         2
c - Stone Arrow           Conj/Erth      18%        3d8       22%         3

Your spell library contained the following spells:

 Spells                   Type           Power      Damage    Failure   Level
 Petrify                  Tmut/Erth      10%        N/A       56%         4


Dungeon Overview and Level Annotations

Branches:
Dungeon (2/15)

Altars:


Innate Abilities, Weirdness & Mutations

You have large cloven feet.
Your demonic aura sometimes causes spilled blood to erupt in flames.


Message History

Press: ? - help, Q - select action, (/) - cycle Shift-Dir - straight line, f/p - adder
Aim: an adder (almost dead, 70% to hit)
The blast of sand hits the adder.
You kill the adder!
You now have 5/7 mp.
Found a whip.
MP restored: 7 You see here 4 stones.
Found a stone staircase leading up.
c - 2 scrolls of identify (gained 1) 2 gnolls come into view.
The gnoll shouts! x2
The gnoll moves out of view. x2
You hear a shout!
A gnoll comes into view. It is wielding a +0 spear.
A gnoll is nearby!
A gnoll comes into view. It is wielding a +2 vampiric spear.
Aiming: Sandblast (safe; 4% risk of failure)
Press: ? - help, Q - select action, (/) - cycle Shift-Dir - straight line, f - gnoll
Aim: a gnoll, wielding a +0 flail (84% to hit)
The blast of sand hits the gnoll.
The gnoll is moderately wounded.
The gnoll shouts!
The gnoll hits you with a +0 flail!
A rat comes into view.
You take 7 damage, and have 17/24 hp.
MASSIVE DAMAGE!!
You now have 6/7 mp.
Aiming: Sandblast (safe; 4% risk of failure)
Press: ? - help, Q - select action, (/) - cycle Shift-Dir - straight line, f/p - gnoll
Aim: a gnoll, wielding a +0 flail (moderately wounded, 84% to hit)
The blast of sand hits the gnoll.
The gnoll is severely wounded.
The gnoll hits you with a +0 flail!
You take 9 damage, and have 8/24 hp.
MASSIVE DAMAGE!!
You now have 5/7 mp.
Aiming: Sandblast (safe; 4% risk of failure)
Press: ? - help, Q - select action, (/) - cycle Shift-Dir - straight line, f/p - gnoll
Aim: a gnoll, wielding a +0 flail (severely wounded, 84% to hit)
The blast of sand hits the gnoll.
The gnoll is severely wounded.
The gnoll hits you with a +0 flail!
You die...

#.........#
#.........# #..
#.........# ..
#.........# #.#
#.........# ..
#.........## #.#
#..........# ..#
#..........#
###.####..
#..........#
#.@gg.g.r.
##.......#.#
##.#..g####
#......##.###..#.###
#.##......#...##.#
#.##........### .#
#.##.............#
###########
##.##.....#...###.#
....)..†...
............### ..
###########
.....(.......
..##############


You could see 4 gnolls and a rat.

Vanquished Creatures
  An adder (D:2)
  A worm (D:2)
  2 dart slugs
  4 endoplasms
  5 goblins
  A hobgoblin (D:1)
  A kobold (D:1)
  3 ball pythons
  3 bats (D:1)
  2 frilled lizards
  5 rats (D:1)
28 creatures vanquished.

Notes
Turn   | Place    | Note
-------+----------+-------------------------------------------
     0 | D:1      | jasper the Demonspawn Earth Elementalist began the quest
                  | for the Orb.
     0 | D:1      | Reached XP level 1. HP: 13/13 MP: 3/3
   206 | D:1      | Reached skill level 3 in Earth Magic
   225 | D:1      | Gained mutation: You have large cloven feet. [demonic
                  | ancestry]
   225 | D:1      | Reached XP level 2. HP: 19/19 MP: 3/5
   904 | D:1      | Learned a level 2 spell: Passwall
  1023 | D:2      | Gained mutation: Your demonic aura sometimes causes spilled
                  | blood to erupt in flames. [demonic ancestry]
  1023 | D:2      | Reached XP level 3. HP: 24/24 MP: 4/7
  1027 | D:2      | Learned a level 3 spell: Stone Arrow
  1250 | D:2      | Slain by a gnoll

Illustrated notes

Levels and vault maps discovered:
D:1:      mrwooster_arrival_statue_2, layout_loops_ring
D:2:      layout_rooms, minmay_misc_feat_plants

Skill      XL: |  1 |
---------------+----+-----
Earth Magic    | 3 |  3.4
Dodging        | |  1.7
Stealth        | |  1.7
Spellcasting   | |  2.8
Conjurations   | |  0.4
Transmutations | |  0.8

Action                     || total
---------------------------++-------
  Melee: Unarmed           ||    16
  Throw: Stone             ||     4
   Cast: Sandblast         ||    41
    Use: Scroll            ||     4
 Armour: Robe              ||     1
  Dodge: Dodged            ||     8

Table legend: (Time is in decaauts)
 A = Elapsed time spent in this place.
 B = Non-inter-level travel time spent in this place.
 C = Inter-level travel time spent in this place.
 D = Time resting spent in this place.
 E = Time spent auto-exploring this place.
 F = Levels seen in this place.
 G = Mean time per level.
                   A        B        C        D        E       F      G
               +--------+--------+--------+--------+--------+-----+--------+
         Total |   1269 |   1257 |     12 |      5 |   1034 |   2 |  634.5 |
       Dungeon |   1269 |   1257 |     12 |      5 |   1034 |   2 |  634.5 |
               +--------+--------+--------+--------+--------+-----+--------+

Top non-repeatable levels by time:
     D:1: 924 daAuts
     D:2: 345 daAuts
